 Dungeon Sprint DCSS version 0.22-a0-533-g4d20840 (webtiles) character file.

53881 emperorscorpion the Hoplite (level 15, -2/139 HPs)
             Began as a Formicid Fighter on June 22, 2018.
             Was the Champion of Okawaru.
             Slain by Ereshkigal (4 damage)
             ... in the Dungeon (Sprint IX: "|||||||||||||||||||||||||||||").
             The game lasted 00:23:05 (4579 turns).

emperorscorpion the Hoplite (Formicid Fighter)      Turns: 4579, Time: 00:23:06

Health: -2/139     AC: 38    Str: 25    XL:     15   Next: 11%
Magic:  22/24      EV: 12    Int: 12    God:    Okawaru [******]
Gold:   89         SH: 25    Dex: 11    Spells: 14/14 levels left

rFire    . . .     SeeInvis +   a - +2 great sword (flame)
rCold    . . .     Gourm    .   W - +1 large shield
rNeg     + . .     Faith    .   H - +15 plate armour "Vouhumm" {Int+3}
rPois    +         Spirit   .   (helmet unavailable)
rElec    .         Reflect  .   v - +1 cloak
rCorr    .         Harm     .   V - +1 pair of gloves {archery}
MR       +....                  I - +0 pair of boots
Stlth    ..........             (no amulet)
HPRegen  0.33/turn              Q - ring of poison resistance
MPRegen  0.19/turn              N - ring of positive energy

@: finesse, silenced
A: permanent stasis, dig shafts and tunnels, four strong arms, antennae 3
a: Dig, Renounce Religion


You were in the Dungeon.
You worshipped Okawaru.
Okawaru was exalted by your worship.
You were hungry.

You visited 1 branch You collected 1919 gold pieces.
You spent 1830 gold pieces at shops.

Inventory:

Hand Weapons
 a - a +2 great sword of flaming (weapon)
 b - a +2 rapier of electrocution
 t - a +0 long sword
 u - a +0 shortbow
 K - a +2 scimitar of holy wrath
 T - a +0 great sword
 U - the +8 autumn katana {slice, Clar}
   (You found it in the Dungeon)

   It inflicts extra damage upon your enemies.
   It protects you against confusion.
 Y - a +1 double sword
Missiles
 g - 47 arrows
 l - 2 poisoned tomahawks
 n - a tomahawk of dispersal (quivered)
 G - 14 sling bullets
 P - 5 throwing nets
 X - 46 bolts
Armour
 m - a +0 scale mail
 v - a +1 cloak (worn)
 w - a +0 helmet
 x - a +1 chain mail
 F - the +2 pair of gloves of Untold Secrets {+Fly rF- rC+ Int+4}
   (Okawaru gifted it to you in the Dungeon)

   It affects your intelligence (+4).
   It makes you vulnerable to fire.
   It protects you from cold.
   It lets you fly.
 H - the +15 plate armour "Vouhumm" (worn) {Int+3}
   (You found it in the Dungeon)

   It affects your intelligence (+3).
 I - a +0 pair of boots (worn)
 J - a +0 plate armour
 L - the +1 pair of boots "Wufe" {*Corrode rF+ Dex+3, unknown}
   (Okawaru gifted it to you in the Dungeon)

   It affects your dexterity (+3).
   It protects you from fire.
   It may corrode you when you take damage.
 O - a +1 crystal plate armour
 V - a +1 pair of gloves of archery (worn)
 W - a +1 large shield (worn)
Magical Staves
 s - an uncursed staff of energy
Jewellery
 y - a +2 ring of protection
 z - a +3 ring of intelligence
 M - the ring of Ru's Brutal Revenge {Str+2 Dex+3 Stlth-}
   (You bought it in a shop in the Dungeon)

   [ring of loudness]

   It affects your strength (+2).
   It affects your dexterity (+3).
   It makes you less stealthy.
 N - a ring of positive energy (right hand)
 Q - a ring of poison resistance (left hand)
 R - an uncursed ring of protection from cold
 S - an uncursed ring of protection from fire
Scrolls
 k - 4 scrolls of blinking
 p - 5 scrolls of remove curse
 q - 2 scrolls of amnesia
 B - a scroll of magic mapping
 C - 3 scrolls of identify
 D - 2 scrolls of enchant weapon
 E - 2 scrolls of fear
Potions
 c - a potion of mutation
 d - a potion of might
 e - 5 potions of curing
 h - 2 potions of haste
 i - 4 potions of magic
 j - a potion of berserk rage
 o - 5 potions of heal wounds
 A - 2 potions of resistance
Comestibles
 f - 10 rations


   Skills:
 + Level 19.3 Fighting
 - Level 2.1(13.8) Short Blades
 + Level 20.0(20.1) Long Blades
 + Level 15.1 Armour
 * Level 10.1 Dodging
 + Level 9.0 Stealth
 - Level 22.0 Shields
 * Level 12.9 Invocations
 + Level 4.4 Evocations


You had 14 spell levels left.
You didn't know any spells.
Your spell library was empty.

Dungeon Overview and Level Annotations

Branches:
Dungeon (1/1)

Altars:
Cheibriados
Dithmenos
Elyvilon
Fedhas
Gozag
Hepliaklqana
Kikubaaqudgha
Makhleb
Nemelex Xobeh
Okawaru
Qazlal
Ru
Sif Muna
Trog
Uskayaw
Vehumet
Wu Jian
Xom
Yredelemnul
Zin
The Shining One
Beogh
Jiyva
Lugonu

Shops:
D [*(:

Annotations:
D Ereshkigal


Innate Abilities, Weirdness & Mutations

You cannot be hasted, slowed, berserked, paralysed or teleported.
You can dig through walls and to a lower floor.
Your four strong arms can wield two-handed weapons with a shield.
You have a pair of large antennae on your head. (SInv)


Message History

You slash the Ice Fiend! You burn the Ice Fiend!
The Ice Fiend is moderately wounded.
Ereshkigal closely misses you.
You hit the Ice Fiend but do no damage.
The Ice Fiend is moderately wounded.
The Ice Fiend claws you! The Ice Fiend freezes you!!!
* * * LOW HITPOINT WARNING * * *
The Ice Fiend claws you but does no damage.
You hit the Ice Fiend but do no damage.
The Ice Fiend is moderately wounded.
You block Ereshkigal's attack.
You slash the Ice Fiend! You burn the Ice Fiend.
The Ice Fiend is heavily wounded.
You hit the Ice Fiend but do no damage.
The Ice Fiend is heavily wounded.
The Ice Fiend gestures at you. The bolt of cold hits you!
* * * LOW HITPOINT WARNING * * *
Ereshkigal hits you.
You die...

▓▓▓▓▓▓▓▓▓▓▓▓▓▓▓▓▓▓▓
▓p{{.{{.{p.......p'
▓&▓▓▓▓▓▓▓▓▓▓▓▓▓▓▓▓▓
▓.@1...............
▓▓▓▓▓▓▓▓▓▓▓▓▓▓▓▓▓▓▓
▓...............)).
▓.▓▓▓▓▓▓▓▓▓▓▓▓▓▓▓▓▓
▓..................
▓▓▓▓▓▓▓▓▓▓▓▓▓▓▓▓▓▓▓
▓.........'=.....))
▓.▓▓▓▓▓▓▓▓▓▓▓▓▓▓▓▓▓
▓..................


You could see Ereshkigal, an Ice Fiend and an ironbrand convoker.

Vanquished Creatures
  2 liches (D)
  Rupert (D)
  Frances (D)
  A fire giant (D)
  4 stone giants (D)
  A spriggan defender (D)
  An ironheart preserver (D)
  A green draconian (D)
  A white draconian (D)
  A fire dragon (D)
  2 yaktaur captains (D)
  A rakshasa (D)
  Harold (D)
  A vault guard (D)
  2 hydras (D)
  3 ice dragons (D)
  A merfolk aquamancer (D)
  A centaur warrior (D)
  2 two-headed ogres (D)
  A tengu warrior (D)
  An alligator (D)
  A deep troll earth mage (D)
  2 vampire magi (D)
  4 orc high priests (D)
  A shadow wraith (D)
  A shambling mangrove (D)
  An unseen horror (D)
  A naga ritualist (D)
  2 wizards (D)
  A glowing orange brain (D)
  2 sea snakes (D)
  An ironbrand convoker (D)
  A necromancer (D)
  2 wolf spiders (D)
  3 orc knights (D)
  A deep elf mage (D)
  A salamander (D)
  3 ugly things (D)
  6 black mambas (D)
  A merfolk siren (D)
  5 spiny frogs (D)
  A torpor snail (D)
  A kobold demonologist (D)
  4 yaktaurs (D)
  A freezing wraith (D)
  2 demonic crawlers (D)
  3 tyrant leeches (D)
  3 tengu conjurers (D)
  A wind drake (D)
  2 hornets (D)
  A troll (D)
  2 merfolk (D)
  A slime creature (D)
  7 blink frogs (D)
  2 hippogriffs (D)
  2 tarantellas (D)
  A snapping turtle (D)
  A redback (D)
  A yak (D)
  A water elemental (D)
  A wyvern (D)
  A naga (D)
  An acid dragon (D)
  4 porcupines (D)
  A swamp drake (D)
  8 orc warriors (D)
  An ogre (D)
  A wolf (D)
  A centaur (D)
  2 crocodiles (D)
  2 bullfrogs (D)
  A scorpion (D)
  A howler monkey (D)
  3 crimson imps (D)
  A jelly (D)
  5 orc priests (D)
  3 orc wizards (D)
  A worker ant (D)
  A dart slug (D)
  17 orcs (D)
  A hobgoblin (D)
  A kobold (D)
  A ball python simulacrum (D)
  2 bats (D)
  A frilled lizard (D)
  A leopard gecko zombie (D)
170 creatures vanquished.

Vanquished Creatures (others)
  A spiny frog (D)
  An insubstantial wisp (D)
  A swamp drake (D)
3 creatures vanquished.

Grand Total: 173 creatures vanquished

Notes
Turn   | Place    | Note
-------+----------+-------------------------------------------
     0 | D        | emperorscorpion the Formicid Fighter began the quest for the Orb.
     0 | D        | Reached XP level 1. HP: 18/18 MP: 1/1
    11 | D        | Reached skill level 4 in Shields
    40 | D        | Reached XP level 2. HP: 12/25 MP: 2/2
   193 | D        | Noticed a centaur
   193 | D        | Noticed an ogre
   201 | D        | Killed a centaur
   201 | D        | Reached skill level 5 in Fighting
   201 | D        | Reached skill level 5 in Armour
   201 | D        | Reached skill level 6 in Shields
   201 | D        | Reached XP level 3. HP: 7/33 MP: 3/3
   201 | D        | Reached XP level 4. HP: 9/39 MP: 4/4
   205 | D        | Killed an ogre
   205 | D        | Reached skill level 5 in Long Blades
   205 | D        | Reached skill level 7 in Shields
   205 | D        | Reached XP level 5. HP: 21/47 MP: 5/5
   209 | D        | Reached skill level 1 in Dodging
   209 | D        | Reached skill level 8 in Shields
   209 | D        | Reached XP level 6. HP: 24/53 MP: 6/6
   235 | D        | Found a roughly hewn altar of Beogh.
   235 | D        | Found a snail-covered altar of Cheibriados.
   235 | D        | Found a shadowy altar of Dithmenos.
   235 | D        | Found a white marble altar of Elyvilon.
   235 | D        | Found a blossoming altar of Fedhas.
   235 | D        | Found an opulent altar of Gozag.
   236 | D        | Found a hazy altar of Hepliaklqana.
   237 | D        | Found a viscous altar of Jiyva.
   238 | D        | Found an ancient bone altar of Kikubaaqudgha.
   239 | D        | Found a corrupted altar of Lugonu.
   240 | D        | Found a burning altar of Makhleb.
   241 | D        | Found a sparkling altar of Nemelex Xobeh.
   242 | D        | Found an iron altar of Okawaru.
   243 | D        | Found a stormy altar of Qazlal.
   244 | D        | Found a sacrificial altar of Ru.
   245 | D        | Found a deep blue altar of Sif Muna.
   246 | D        | Found a bloodstained altar of Trog.
   247 | D        | Found a hide-covered altar of Uskayaw.
   248 | D        | Found a radiant altar of Vehumet.
   249 | D        | Found an ornate altar of the Wu Jian Council.
   250 | D        | Became a worshipper of Warmaster Okawaru
   251 | D        | Found a shimmering altar of Xom.
   252 | D        | Found a basalt altar of Yredelemnul.
   253 | D        | Found a glowing silver altar of Zin.
   254 | D        | Found a glowing golden altar of the Shining One.
   377 | D        | Noticed a two-headed ogre
   383 | D        | Killed a two-headed ogre
   383 | D        | Reached * piety under Okawaru
   383 | D        | Reached ** piety under Okawaru
   383 | D        | Reached skill level 11 in Shields
   383 | D        | Reached XP level 7. HP: 64/64 MP: 6/8
   383 | D        | Reached XP level 8. HP: 71/71 MP: 6/9
   412 | D        | Noticed a purple ugly thing
   412 | D        | Noticed a tengu conjurer
   422 | D        | Killed a purple ugly thing
   422 | D        | Reached *** piety under Okawaru
   422 | D        | Reached skill level 10 in Fighting
   422 | D        | Reached skill level 10 in Armour
   422 | D        | Reached skill level 12 in Shields
   425 | D        | Reached XP level 9. HP: 54/78 MP: 8/10
   435 | D        | Killed a tengu conjurer
   447 | D        | Reached skill level 10 in Long Blades
   588 | D        | Noticed a four-headed hydra
   601 | D        | Killed a four-headed hydra
   601 | D        | Reached **** piety under Okawaru
   601 | D        | Reached skill level 1 in Short Blades
   601 | D        | Reached skill level 13 in Shields
   601 | D        | Reached skill level 1 in Invocations
   609 | D        | Noticed a blink frog
   610 | D        | Reached XP level 10. HP: 76/88 MP: 10/12
   770 | D        | Noticed a spiny frog
   777 | D        | Noticed a spiny frog
   778 | D        | Reached ***** piety under Okawaru
   778 | D        | Reached skill level 14 in Shields
   797 | D        | Killed a spiny frog
   797 | D        | Received a gift from Okawaru
   808 | D        | Killed a spiny frog
   818 | D        | Got a pair of warped gloves {god gift}
   830 | D        | Identified the +2 pair of gloves of Untold Secrets {+Fly rF- rC+ Int+4} (Okawaru gifted it to you in the Dungeon)
  1014 | D        | Noticed a spiny frog
  1014 | D        | Noticed a spiny frog
  1021 | D        | Killed a spiny frog
  1031 | D        | Killed a spiny frog
  1031 | D        | Reached XP level 11. HP: 95/96 MP: 11/13
  1068 | D        | Reached skill level 15 in Shields
  1296 | D        | Noticed an orc knight
  1319 | D        | Killed an orc knight
  1567 | D        | Reached skill level 1 in Stealth
  1567 | D        | Noticed an orc knight
  1608 | D        | Killed an orc knight
  1608 | D        | Reached skill level 15 in Long Blades
  2097 | D        | Found Gouqec's Antique Armour Emporium.
  2097 | D        | Noticed an orc high priest
  2099 | D        | Noticed an orc high priest
  2100 | D        | Noticed an orc knight
  2111 | D        | Killed an orc high priest
  2112 | D        | Found Elun's Assorted Antiques.
  2121 | D        | Killed an orc high priest
  2121 | D        | Received a gift from Okawaru
  2121 | D        | Reached skill level 16 in Shields
  2257 | D        | Killed an orc knight
  2444 | D        | Noticed an orc high priest
  2450 | D        | Noticed a sun demon
  2453 | D        | Killed an orc high priest
  2467 | D        | Found Jaumioz's Antique Weapon Emporium.
  2471 | D        | Found Wopteusas's Book Shoppe.
  2475 | D        | Noticed an orc high priest
  2490 | D        | Killed an orc high priest
  2490 | D        | Reached XP level 12. HP: 100/108 MP: 13/15
  2512 | D        | Bought a transparent ivory ring for 85 gold pieces
  2512 | D        | Bought a golden ring for 85 gold pieces
  2514 | D        | Bought a runed crystal plate armour for 1660 gold pieces
  2525 | D        | Identified the ring of Ru's Brutal Revenge {Str+2 Dex+3 Stlth-} (You bought it in a shop in the Dungeon)
  2589 | D        | Noticed Harold
  2597 | D        | Killed Harold
  2653 | D        | Found the +8 autumn katana {slice, Clar}
  2700 | D        | Got the +15 plate armour "Vouhumm" {Int+3}
  2763 | D        | Noticed a seven-headed hydra
  2765 | D        | Noticed a two-headed ogre
  2783 | D        | Killed a 17-headed hydra
  2784 | D        | Noticed a vampire mage
  2793 | D        | Reached skill level 17 in Shields
  2795 | D        | Reached ****** piety under Okawaru
  2798 | D        | Killed a two-headed ogre
  2798 | D        | Received a gift from Okawaru
  2798 | D        | Reached skill level 15 in Fighting
  2801 | D        | Noticed a deep troll earth mage
  2813 | D        | Noticed an ice dragon
  2813 | D        | Noticed an ice dragon
  2821 | D        | Killed a vampire mage
  2821 | D        | Received a gift from Okawaru
  2821 | D        | Reached skill level 18 in Shields
  2833 | D        | Killed a deep troll earth mage
  2834 | D        | Noticed a stone giant
  2843 | D        | Killed an ice dragon
  2851 | D        | Noticed a rakshasa
  2852 | D        | Killed an ice dragon
  2861 | D        | Killed a stone giant
  2861 | D        | Reached skill level 5 in Invocations
  2862 | D        | Noticed a stone giant
  2863 | D        | Noticed a stone giant
  2876 | D        | Killed a stone giant
  2876 | D        | Reached XP level 13. HP: 40/116 MP: 12/16
  2887 | D        | Killed a rakshasa
  2887 | D        | Reached skill level 19 in Shields
  3385 | D        | Noticed Rupert
  3400 | D        | Killed Rupert
  3400 | D        | Reached skill level 5 in Stealth
  3592 | D        | Received a gift from Okawaru
  3592 | D        | Reached skill level 20 in Shields
  3849 | D        | Reached skill level 5 in Dodging
  3921 | D        | Noticed Frances
  3939 | D        | Killed Frances
  3939 | D        | Reached skill level 21 in Shields
  3939 | D        | Reached XP level 14. HP: 128/128 MP: 18/20
  4013 | D        | Noticed a lich
  4013 | D        | Noticed a lich
  4013 | D        | Noticed a fire giant
  4013 | D        | Noticed a stone giant
  4019 | D        | Killed a lich
  4019 | D        | Received a gift from Okawaru
  4030 | D        | Killed a lich
  4043 | D        | Killed a fire giant
  4043 | D        | Reached skill level 10 in Invocations
  4060 | D        | Killed a stone giant
  4078 | D        | Noticed a spriggan defender
  4128 | D        | Killed a spriggan defender
  4128 | D        | Reached skill level 22 in Shields
  4159 | D        | Received a gift from Okawaru
  4163 | D        | Got a pair of faintly glowing boots {god gift}
  4406 | D        | Noticed a stone giant
  4420 | D        | Killed a stone giant
  4455 | D        | Reached skill level 15 in Armour
  4461 | D        | Noticed a storm dragon
  4474 | D        | Noticed an ironheart preserver
  4496 | D        | Noticed a sphinx
  4496 | D        | Noticed a white draconian
  4510 | D        | Killed an ironheart preserver
  4510 | D        | Reached XP level 15. HP: 132/139 MP: 24/24
  4514 | D        | Reached skill level 10 in Dodging
  4540 | D        | Noticed Ereshkigal
  4574 | D        | Noticed an Ice Fiend
  4579 | D        | HP: 2/139 [Ice Fiend/bolt of cold[Ereshkigal] (18)]
  4579 | D        | Slain by Ereshkigal

Vault maps used:
D:        linesprint

Skill      XL: |  1  2  3  4  5  6  7  8  9 10 11 12 13 14 15 |
---------------+----------------------------------------------+-----
Shields        | 4 6 7 8 11 12 13 14 16 18 21 22 | 22.0
Fighting       | 5 6 9 10 11 12 14 15 17 19 | 19.3
Long Blades    | 4 5 8 9 11 14 16 17 18 19 20 | 20.0
Armour         | 5 6 9 10 11 12 13 14 15 | 15.1
Dodging        | 1 2 3 4 5 9 10 | 10.1
Evocations     | 2 3 4 |  4.4
Short Blades   | 2 |  2.1
Invocations    | 1 2 4 5 8 12 | 12.9
Stealth        | 1 3 8 9 |  9.0

Action                   |  1- 3 |  4- 6 |  7- 9 | 10-12 | 13-15 || total
-------------------------+-------+-------+-------+-------+-------++-------
Melee: Long sword        |    43 |     9 |       |       |       ||    52
       Scimitar          |       |     3 |    58 |   243 |       ||   304
       Rapier            |       |       |     7 |       |     6 ||    13
       Great sword       |       |       |       |    60 |    96 ||   156
       Double sword      |       |       |       |    91 |   318 ||   409
Throw: Tomahawk          |       |       |       |       |     1 ||     1
Invok: Heroism           |       |       |     2 |    11 |    10 ||    23
       Finesse           |       |       |       |     1 |     3 ||     4
Evoke: Wand              |       |     3 |       |     2 |     5 ||    10
  Use: Potion            |       |     1 |       |     2 |     5 ||     8
 Stab: Invisible         |       |       |       |     3 |     1 ||     4
       Confused          |       |       |       |       |     2 ||     2
  Eat: Chunk             |       |       |       |     6 |     3 ||     9
       Ration            |       |       |       |       |     1 ||     1
Armor: Scale mail        |    24 |     2 |       |       |       ||    26
       Chain mail        |       |     2 |    19 |    26 |       ||    47
       Plate armour      |       |       |       |    81 |    58 ||   139
       Crystal plate arm |       |       |       |     2 |       ||     2
Dodge: Dodged            |    16 |     1 |    20 |    81 |    44 ||   162
Block: Shield            |    29 |     3 |    41 |   122 |       ||   195
       Large shield      |       |       |       |   104 |   266 ||   370
       Rpst.: Long sword |     7 |     1 |       |       |       ||     8
       Scimitar          |       |       |     3 |     7 |       ||    10
       Great sword       |       |       |       |     4 |       ||     4
       Double sword      |       |       |       |     2 |     8 ||    10

Table legend:
 A = Spawn XP
 B = Non-spawn XP
 C = Spawn XP percentage of total XP
 D = Spawn monster count
 E = Non-spawn monster count
 F = Spawn count percentage of total count
 G = Total turns spent on level
                    A         B        C        D         E        F      G
               +---------+---------+-------+---------+---------+-------+---------
         Total |       0 |   76973 |   0.0 |       0 |     171 |   0.0 |  4579
               +---------+---------+-------+---------+---------+-------+---------
             D |       0 |   76973 |   0.0 |       0 |     171 |   0.0 |  4579
               +---------+---------+-------+---------+---------+-------+---------
